 Dungeon Crawl Stone Soup version 0.20-a0-923-g548304e (webtiles) character file.

557 Deemzul the Slasher (level 7, -4/49 HPs)
             Began as an Octopode Monk on Mar 25, 2017.
             Was a Believer of Dithmenos.
             Slain by Duvessa
             ... wielding a +0 short sword
              (6 damage)
             ... on level 4 of the Dungeon.
             The game lasted 00:05:24 (4313 turns).

Deemzul the Slasher (Octopode Monk)                 Turns: 4313, Time: 00:05:25

Health: -4/49      AC:  1    Str:  8 (11) XL:     7   Next: 30%
Magic:  7/7        EV: 16    Int: 11 (12) God:    Dithmenos [**....]
Gold:   256        SH:  0    Dex: 15 (16) Spells: 6/6 levels left

rFire    . . .     SeeInvis +   C - +2 dagger (venom)
rCold    . . .     Gourm    .   (no shield)
rNeg     . . .     Faith    .   (helmet restricted)
rPois    .         Spirit   .   (no amulet)
rElec    .         Reflect  .   u - ring of see invisible
rCorr    .         Harm     .   t - ring of wizardry
MR       .....                  (no ring)
Stlth    +++++.....             (no ring)
Regen    0.2/turn               (no ring)
MPRegen  0.1/turn               (no ring)
                                (no ring)
                                (no ring)

@: wreathed by umbra
A: almost no armour, stealthy swim, amphibious, 8 rings, constrict 8, camouflage
1, gelatinous body 1
a: Shadow Step, Renounce Religion


You were on level 4 of the Dungeon.
You worshipped Dithmenos.
Dithmenos was pleased with you.
You were hungry.

You visited 1 branch of the dungeon, and saw 5 of its levels.

You collected 256 gold pieces.

Inventory:

Hand Weapons
 a - a +0 falchion
 C - a +2 dagger of venom (weapon)
Jewellery
 t - a ring of wizardry (right tentacle)
 u - a ring of see invisible (left tentacle)
Wands
 x - a wand of confusion (30/48)
Scrolls
 c - 4 scrolls of identify {unknown}
 g - a scroll of blinking {unknown}
 j - a scroll of random uselessness {unknown}
 l - a scroll of enchant weapon {unknown}
 m - 6 scrolls of teleportation {unknown}
 n - 2 scrolls of recharging {unknown}
 q - 3 scrolls of amnesia {unknown}
 v - 3 scrolls of remove curse {unknown}
 y - a scroll of immolation {unknown}
 B - a scroll of fear {unknown}
Potions
 d - a potion of cancellation {unknown}
 e - a potion of heal wounds {unknown}
 k - a potion of ambrosia
 p - a potion of degeneration
 r - a potion of haste {unknown}
 s - a potion of lignification {unknown}
 w - 2 potions of curing {unknown}
 z - a potion of might {unknown}
 A - a potion of mutation {unknown}
Books
 o - a book of Minor Magic

   Spells                             Type                      Level
   a - Magic Dart                     Conjuration                  1
   b - Blink                          Translocation                2
   c - Call Imp                       Summoning                    2
   d - Slow                           Hexes                        2
   e - Conjure Flame                  Conjuration/Fire             3
   f - Mephitic Cloud                 Conjuration/Poison/Air       3
Comestibles
 b - 4 bread rations
 f - 6 meat rations
 h - 9 fruits
 i - 2 royal jellies


   Skills:
 + Level 4.5 Fighting
 * Level 5.6 Long Blades
 + Level 4.6 Dodging
 + Level 5.2 Stealth


You had 6 spell levels left.
You didn't know any spells.

Dungeon Overview and Level Annotations

Branches:
Dungeon (5/15)             Temple (0/1) D:4

Altars:
Dithmenos
Hepliaklqana
Qazlal
Yredelemnul

Annotations:
D:4 Duvessa


Innate Abilities, Weirdness & Mutations

You cannot wear most types of armour.
You are very stealthy in the water. (Stealth+)
You are amphibious.
You can wear up to eight rings at the same time.
You can use your tentacles to constrict eight enemies at once.
Your skin changes colour to match your surroundings (Stealth+).
Your rubbery body absorbs attacks. (AC +1, EV +1)


Message History

Duvessa is lightly wounded.
You constrict Duvessa. Duvessa hits you with a short sword!
* * * LOW HITPOINT WARNING * * *
Unknown command.
Okay, then.
Unknown command.
Evoke which item? (* to show all) (? for menu, Esc to quit)
Aiming: Confuse (will waste charges)
Press: ? - help, Shift-Dir - straight line, f - Duvessa
Aim: Duvessa, wielding a short sword and wearing a glowing scale mail (moderately wounded, constricted by you, berserk, fast, unusually strong, poisoned, umbra, chance to defeat MR: 28%)
Okay, then.
Unknown command.
It was a potion of degeneration.
There was something very wrong with that liquid.
You feel weakened.
You feel dopey.
You feel clumsy.
You constrict Duvessa, but do no damage.
Duvessa hits you with a short sword.
* * * LOW HITPOINT WARNING * * *
Duvessa hits you with a short sword.
You die...

###......#.......#.# ##...##
###........#####.#.# ##.###.#
...........# #.#.###.## #######
...........#####[#.##[## #.#.#
###.#...#........[.##.# #.#.# #
#.##.###.#####.####.## ##.#.# #
#.##...........# #..## ##....#
# #.. ...#.#####e#
#.#.###.....# #.# #.#.#
#@####.##...###.## #.# #.#<#
#..........## #.# #.# #.#.#
#.####.##..# ##.## #.# #.#.#
#..........###...# #(####.#.#
######.###...>._^.
#........##########.#######...#
######..................# ##.##
........##########.###........
######### #... ....##


You could see Duvessa (berserk).

Vanquished Creatures
  An ogre (D:5)
  A scorpion (D:5)
  Dowan (D:4)
  A crimson imp (D:5)
  A hound (D:5)
  2 orc wizards
  An iguana (D:5)
  3 worker ants
  5 adders
  2 oozes
  4 worms
  2 adder skeletons
  2 dart slugs
  3 leopard geckos (D:3)
  7 orcs
  5 giant cockroaches
  5 hobgoblins
  7 jackals
  3 quokkas
  A ball python (D:3)
  7 bats
  2 frilled lizards
  6 goblins (D:1)
  6 kobolds
  13 rats
91 creatures vanquished.

Notes
Turn   | Place    | Note
-------+----------+-------------------------------------------
     0 | D:1      | Deemzul the Octopode Monk began the quest for the Orb.
     0 | D:1      | Reached XP level 1. HP: 16/16 MP: 1/1
    80 | D:1      | Reached XP level 2. HP: 14/21 MP: 2/2
   517 | D:1      | Reached XP level 3. HP: 26/26 MP: 3/3
  1096 | D:2      | Found a stormy altar of Qazlal.
  1416 | D:3      | Reached XP level 4. HP: 28/31 MP: 4/4
  1873 | D:3      | Reached XP level 5. HP: 8/37 MP: 5/5
  2014 | D:3      | You fall through a shaft for 2 floors!
  2014 | D:5      | Entered Level 5 of the Dungeon
  2085 | D:5      | Noticed an ogre
  2583 | D:4      | Noticed Dowan
  2625 | D:5      | Found a shadowy altar of Dithmenos.
  2630 | D:5      | Became a worshipper of Dithmenos the Shadowed
  2630 | D:5      | Reached * piety under Dithmenos
  2630 | D:5      | Reached ** piety under Dithmenos
  2645 | D:5      | Killed an ogre
  2645 | D:5      | Reached XP level 6. HP: 22/43 MP: 6/6
  2649 | D:5      | Reached skill level 5 in Long Blades
  2670 | D:5      | HP: 2/43 [poisoned by a worker ant]
  2920 | D:5      | Found a basalt altar of Yredelemnul.
  3373 | D:5      | Reached XP level 7. HP: 36/49 MP: 7/7
  3454 | D:4      | Reached skill level 5 in Stealth
  4166 | D:4      | Found a hazy altar of Hepliaklqana.
  4224 | D:4      | Found a staircase to the Ecumenical Temple.
  4224 | D:4      | Noticed Duvessa
  4254 | D:4      | Killed Dowan
  4313 | D:4      | HP: 2/49 [Duvessa/short sword (6)]
  4313 | D:4      | Slain by Duvessa

Vault maps used:
D:1:      tarquinn_simple_flora_water_b, minmay_misc_feat_room
D:2:      first_bread, grunt_qazlal_sundering
D:4:      overflow_temple_1_default, minmay_temple_entry_statues_fountains,
          led_sif_book, uniq_duvessa
D:5:      nicolae_dithmenos_through_a_glass_darkly,
          lightli_ossuary_entry_decrepit_ruins, basic_altar

Skill      XL: |  1  2  3  4  5  6  7 |
---------------+----------------------+-----
Stealth        | 3 4 5 |  5.2
Long Blades    | 4 5 |  5.6
Dodging        | 4 |  4.6
Fighting       | 4 |  4.5

Action                   |  1- 3 |  4- 6 |  7- 9 || total
-------------------------+-------+-------+-------++-------
Melee: Falchion          |    71 |   107 |    31 ||   209
       Constrict         |    24 |    27 |    10 ||    61
       Tentacles         |    17 |    25 |     7 ||    49
       Dagger            |       |       |     5 ||     5
  Use: Potion            |       |     1 |     1 ||     2
 Stab: Sleeping          |    10 |    10 |     3 ||    23
       Distracted        |       |       |     1 ||     1
  Eat: Chunk             |     1 |     5 |     4 ||    10
Armor: Skin              |     7 |     3 |       ||    10
Dodge: Dodged            |    50 |    66 |    15 ||   131
       Rpst.: Falchion   |    13 |    21 |     2 ||    36
